[Event "Fagernes GM Swiss 2020"]
[Site "Fagernes"]
[Date "2020.10.11"]
[Round "9.19"]
[White "Brodtkorb, Lars Johan"]
[Black "Fossan, Aleksander"]
[Result "1/2-1/2"]
[ECO "E60"]
[WhiteElo "2166"]
[BlackElo "2171"]
[Annotator "RC"]
[PlyCount "65"]
[EventDate "2020.10.04"]
[EventType "swiss"]
[EventCountry "NOR"]
[SourceTitle "playchess.com"]
[Source "ChessBase"]
[SourceQuality "1"]
[TimeControl "40/6000+30:2400+30"]

1. d4 Nf6 2. c4 g6 3. Nf3 Bg7 4. e3 O-O 5. Be2 d5 6. cxd5 Nxd5 7. O-O Nb6 8. e4 Bg4 9. Nbd2 e5 10. Nxe5 Bxe2 11. Qxe2 Qxd4 12. Ndf3 Qb4 13. Nd3 Qb5 14. Bf4 Na6 15. Rad1 Rfe8 16. Rfe1 Rad8 17. Kf1 c6 18. e5 Rd5 19. b3 Nc7 20. Bg3 Ne6 21. Nb2 Rxd1 22. Rxd1 Qxe2+ 23. Kxe2 Nd5 24. Kf1 Nc5 25. Nc4 Ne4 26. Nd6 Nxg3+ 27. hxg3 Re7 28. a4 b6 29. Nc8 Rd7 30. Ke1 Bf8 31. Rd3 Bb4+ 32. Kf1 h5 33. Nd4 1/2-1/2

[Event "Fagernes GM Swiss 2020"]
[Site "Fagernes"]
[Date "2020.10.11"]
[Round "9.23"]
[White "Melaa, Sondre"]
[Black "Kvendseth, Thyra"]
[Result "1-0"]
[ECO "B06"]
[WhiteElo "2210"]
[BlackElo "2017"]
[Annotator "NA"]
[PlyCount "135"]
[EventDate "2020.10.04"]
[EventType "swiss"]
[EventCountry "NOR"]
[SourceTitle "playchess.com"]
[Source "ChessBase"]
[SourceQuality "1"]
[TimeControl "40/6000+30:2400+30"]

1. e4 g6 2. d4 Bg7 3. Nf3 d6 4. Bc4 Nf6 5. Qe2 O-O 6. e5 dxe5 7. dxe5 Nd5 8. O-O Nb6 {[%emt 0:05:02] B06: Modern Defence.} 9. Rd1 Qe8 $1 10. Bb3 Bg4 11. Bf4 Nc6 {[%emt 0:09:27] [#]} 12. c3 $146 ({Predecessor:} 12. Nbd2 a5 13. a3 Nd4 14. Qe4 Nxb3 15. Nxb3 c6 16. Nc5 Qc8 17. h3 Bf5 18. Qe2 {1-0 (65) Roseneck,J (2417)-Knudsen,S (2194) Braunschweig 2019}) 12... e6 13. Nbd2 Nd5 14. Bg3 Na5 15. Bc2 Nc6 16. h3 Bh5 17. Bh2 Bxf3 18. Nxf3 Qe7 19. a3 a5 20. Qb5 Nb6 21. a4 Na7 22. Qe2 Qc5 23. Be4 Nc4 $2 (23... Rfb8 $14) 24. Bd3 $2 (24. b4 $18 {and the rest is easy.} axb4 25. cxb4 Qxb4 26. Rdb1) 24... Nb6 25. Bf4 Nd5 26. Bg5 Nc6 27. Be4 h6 28. Bh4 Rfe8 29. Bg3 Rad8 30. Qb5 b6 31. Qxc5 (31. Rd2 $16) 31... bxc5 32. Bd3 Nce7 33. Be2 Rb8 34. Rd2 Nf5 35. Bh2 Nfe7 36. Rc2 Red8 37. Nd2 Nc6 38. Nc4 g5 39. Bf3 Rb7 (39... Nb6 $11 {keeps the balance.}) 40. Rd1 Rbb8 (40... Nce7 $16 41. Rcd2 (41. Nxa5 Ra7 $14) 41... Ra8) 41. Rcd2 Nce7 42. Nxa5 Rf8 43. Nc4 Nb6 44. Nxb6 cxb6 45. Rd7 Ng6 46. Re1 Rfd8 47. Rd6 Bf8 48. Rxd8 Rxd8 49. Rd1 Rxd1+ 50. Bxd1 Bg7 51. b4 Nxe5 52. bxc5 bxc5 53. a5 Nc6 54. a6 e5 55. Kf1 Kf8 {[%emt 0:01:27] [#]} 56. Ke2 $18 (56. f4 $142 $1 Ke7 (56... exf4 57. Ba4) 57. fxe5) 56... Ke7 57. Kd3 Kd6 58. Kc4 Na7 59. Bf3 f5 60. Bb7 Bf6 61. f3 Bd8 62. Bg1 Bb6 63. g4 f4 64. Bf2 Kc7 65. Bxc5 Nc8 66. Bxc8 Bxc5 67. Kxc5 e4 68. a7 1-0

[Event "Fagernes GM Swiss 2020"]
[Site "Fagernes"]
[Date "2020.10.11"]
[Round "9.24"]
[White "Flatebo, Hallvard Haug"]
[Black "Royset, Pal"]
[Result "0-1"]
[ECO "B48"]
[WhiteElo "1877"]
[BlackElo "2150"]
[Annotator "NA"]
[PlyCount "132"]
[EventDate "2020.10.04"]
[EventType "swiss"]
[EventCountry "NOR"]
[SourceTitle "playchess.com"]
[Source "ChessBase"]
[SourceQuality "1"]
[TimeControl "40/6000+30:2400+30"]

1. e4 c5 2. Nf3 e6 3. d4 cxd4 4. Nxd4 Nc6 5. Nc3 a6 6. Be3 Nf6 7. Bd3 Qc7 8. Qe2 Bb4 9. f4 {[%emt 0:04:38] B48: Sicilian: Taimanov: 5 Nc3 Qc7 6 Be3 a6 without Be2.} (9. O-O $14) 9... Nxd4 10. Bxd4 Qxf4 {[%emt 0:00:34] [#]} 11. g3 $146 ({Predecessor:} 11. a3 $11 Ba5 (11... Be7 12. Be3 Qc7 13. O-O Bd6 14. h3 Bc5 15. Rae1 Bxa3 16. Na4 Be7 17. Nb6 {1-0 (46) Guedes,L (1813)-Passos,R (1800) Brasilia 2019}) 12. Qf3 Qxf3 13. gxf3) 11... Qd6 12. Be3 h5 13. Bd2 Ng4 14. O-O-O Ne5 15. Bc4 Qc7 16. Bb3 b5 17. Kb1 Be7 18. Bf4 d6 19. Rhf1 Bb7 20. h4 (20. a3 $142) 20... Bf6 21. Rd2 (21. Rd4 $17) 21... Bc6 22. Rfd1 $2 (22. a3 $17) 22... Be7 $2 {[%emt 0:01:58] [#]} (22... b4 $19 23. Nd5 exd5 24. Bxd5 Bb5) 23. Rf1 $2 {[%emt 0:02:22] [#]} (23. Nd5 $1 $11 exd5 24. Bxe5 dxe5 25. exd5) 23... b4 $1 24. Bxe5 dxe5 25. Qf3 Bf6 26. Ne2 Qb7 27. Qe3 Qa7 ({Wrong is} 27... Bxe4 $2 28. Ba4+ Bc6 29. Qf3 $18) 28. Qf3 Bb5 29. Rd6 (29. c3 $142) 29... Ke7 ({Black should try} 29... a5 $19 30. Bxe6 Qc7) 30. Rfd1 Rhd8 31. Rxd8 Rxd8 32. Rxd8 Kxd8 33. c4 Bc6 34. a3 $2 (34. Bc2 {keeps fighting.}) 34... a5 35. a4 Ke8 36. Ka2 Be7 37. c5 Qxc5 38. Qxh5 (38. Kb1 $142) 38... g6 39. Qf3 f5 40. Bxe6 Bxe4 41. Qb3 Kd8 42. Qd1+ Qd6 43. Qb3 f4 44. gxf4 exf4 45. Qc4 {[%emt 0:00:20] [#]} b3+ $1 46. Qxb3 Bxh4 47. Qc4 (47. Nc3 $15 Bg2 48. Bc4) 47... Bd3 48. Qc8+ Ke7 49. Nxf4 Qxf4 50. Qd7+ Kf6 51. Qxd3 Qxa4+ 52. Kb1 Kxe6 53. Qxg6+ Bf6 54. Qg8+ Ke7 55. Qh7+ Kd6 56. Qh2+ Kc6 57. Qg2+ Kb6 58. Qe2 Qd4 59. Qe6+ Kc7 60. Qf7+ Kd6 61. Qf8+ Ke6 62. Qc8+ Ke5 63. Qc7+ Ke4 64. Qc6+ Kf4 65. Qc7+ Kf3 66. Qb7+ $19 (66. Qh2) 66... Qe4+ 0-1